 Dungeon Sprint DCSS version 0.20-a0-1000-g0e8f6bb (webtiles) character file.

17215 HollowOne the Shatterer (level 12, -6/126 HPs)
             Began as a Troll Berserker on Apr 12, 2017.
             Was a High Priest of Trog.
             Hit by a large rock thrown by a stone giant (15 damage)
             ... in the Dungeon (Sprint IX: "|||||||||||||||||||||||||||||").
             The game lasted 00:06:19 (2426 turns).

HollowOne the Shatterer (Troll Berserker)           Turns: 2426, Time: 00:06:20

Health: -6/126     AC: 18    Str: 35    XL:     12   Next: 16%
Magic:  11/11      EV: 12    Int:  3    God:    Trog [*****.]
Gold:   1697       SH:  0    Dex:  9    Spells: 11/11 levels left

rFire    x . .     SeeInvis .   A - +6 giant spiked club "Finle" {drain, Stlth+}
rCold    + + .     Gourm    +   (shield currently unavailable)
rNeg     . . .     Faith    .   y - +1 ice dragon scales
rPois    +         Spirit   .   (helmet restricted)
rElec    .         Reflect  .   n - +0 cloak
rCorr    .         Harm     .   (gloves unavailable)
MR       .....     NoTele   +   (boots unavailable)
Stlth    ..........             (no amulet)
Regen    0.8/turn               p - +3 ring of strength
MPRegen  0.2/turn               m - ring of poison resistance

@: exhausted, slowed, very slow
A: unfitting armour, claws 3, fast metabolism 3, gourmand, regeneration 1,
shaggy fur 1, tough skin 2
a: Berserk, Trog's Hand, Brothers in Arms, Burn Spellbooks, Renounce Religion


You were in the Dungeon.
You worshipped Trog.
Trog was extremely pleased with you.
You were near starving.

You visited 1 branch You collected 1931 gold pieces.
You spent 234 gold pieces at shops.

Inventory:

Hand Weapons
 t - a +6 great mace of holy wrath
 x - a +7 giant club
 A - the +6 giant spiked club "Finle" (weapon) {drain, Stlth+}
   (Trog gifted it to you in the Dungeon)

   A truly terrible weapon, it drains the life of those it strikes.
   It makes you more stealthy.
Armour
 n - a +0 cloak (worn)
 y - +1 ice dragon scales (worn)
Jewellery
 m - a ring of poison resistance (right claw)
 p - a +3 ring of strength (left claw)
 q - an uncursed ring of fire
Wands
 l - a wand of iceblast (7/15)
Scrolls
 a - 2 scrolls of identify
 b - 2 scrolls of fear
 i - 3 scrolls of blinking
 k - 4 scrolls of remove curse
 r - 3 scrolls of fog
Potions
 d - 9 potions of curing
 e - 12 potions of heal wounds
 f - 3 potions of haste
 g - 4 potions of magic
 h - 2 potions of berserk rage
 j - a potion of invisibility
 s - a potion of brilliance
Comestibles
 c - 13 bread rations
 v - 40 fruits
 w - 12 meat rations


   Skills:
 + Level 10.3 Fighting
 * Level 21.2 Maces & Flails
 * Level 9.6 Armour
 + Level 9.2 Dodging


You had 11 spell levels left.
You didn't know any spells.

Dungeon Overview and Level Annotations

Branches:
Dungeon (1/1)

Altars:
Cheibriados
Dithmenos
Elyvilon
Fedhas
Gozag
Hepliaklqana
Kikubaaqudgha
Makhleb
Nemelex Xobeh
Okawaru
Qazlal
Ru
Sif Muna
Trog
Uskayaw
Vehumet
Wu Jian
Xom
Yredelemnul
Zin
The Shining One
Beogh
Jiyva
Lugonu

Shops:
D !=(*


Innate Abilities, Weirdness & Mutations

You are too large for most types of armour.
You have claws for hands.
Your metabolism is lightning-fast.
You like to eat raw meat.
Your natural rate of healing is unusually fast.
You are covered in fur. (AC +1)
You have very tough skin. (AC +2)


Message History

The rakshasa hits your stone giant but does no damage.
Your stone giant hits the rakshasa.
Your stone giant hits the rakshasa!!!
The rakshasa dies!
Trog accepts your kill.
The stone giant throws a large rock.
The large rock hits your stone giant!!
Unknown command.
Your stone giant hits the stone giant!!
The stone giant hits your stone giant!!!
Your stone giant dies!
Your stone giant's corpse disappears in a puff of smoke!
Your troll goes berserk!
You feel quite a bit more hungry.
The stone giant throws a large rock.
The large rock hits you!!!
The stone giant throws a large rock.
The large rock hits you!!
* * * LOW HITPOINT WARNING * * *
A frost giant comes into view. It is wielding a battleaxe of freezing.
Unknown command.
You are near starving!
The stone giant throws a large rock.
The large rock hits you!
You die...

▓▓▓▓▓▓▓▓▓▓▓▓▓▓▓▓▓▓▓▓▓▓▓▓▓▓▓▓
[[.[[=[[.......T@()))()CCZZ.
▓▓▓▓▓▓▓▓▓▓▓▓▓▓▓▓▓▓▓▓▓▓▓▓▓▓▓▓▓▓▓▓▓
...........).....................
▓▓▓▓▓▓▓▓▓▓▓▓▓▓▓▓▓▓▓▓▓▓▓▓▓▓▓▓▓▓▓▓▓
)..))))))......()))()(∩.∩.∩.∩....
▓▓▓▓▓▓▓▓▓▓▓▓▓▓▓▓▓▓▓▓▓▓▓▓▓▓▓▓▓▓▓▓▓
....................)............
▓▓▓▓▓▓▓▓▓▓▓▓▓▓▓▓▓▓▓▓▓▓▓▓▓▓▓▓▓▓▓▓▓
......)÷÷........†.).%........'..


You could see a stone giant and a friendly troll (berserk).

Vanquished Creatures
  An ogre mage (D)
  Harold (D)
  A hydra (D)
  Erolcha (D)
  Erica (D)
  A death knight (D)
  A two-headed ogre (D)
  3 orc high priests (D)
  An orc sorcerer (D)
  A manticore (D)
  4 orc knights (D)
  2 black mambas (D)
  A komodo dragon (D)
  A rime drake (D)
  A hippogriff (D)
  A wraith (D)
  2 yaks (D)
  2 wargs (D)
  3 hell hounds (D)
  2 water moccasins (D)
  2 porcupines (D)
  5 orc warriors (D)
  A phantom (D)
  A sky beast (D)
  An ogre (D)
  A centaur (D)
  3 crocodiles (D)
  4 wolves (D)
  3 bullfrogs (D)
  A killer bee (D)
  A wight (D)
  A howler monkey (D)
  An orc priest (D)
  3 orc wizards (D)
  A hell rat (D)
  A gnoll (D)
  A shadow imp (D)
  10 orcs (D)
  A bat skeleton (D)
  A giant cockroach (D)
  A hobgoblin (D)
  2 kobolds (D)
  A frilled lizard (D)
78 creatures vanquished.

Vanquished Creatures (collateral kills)
  A rakshasa (D)
  A two-headed ogre (D)
  3 orc high priests (D)
  A skeletal warrior (D)
  6 orc knights (D)
  An orc sorcerer (D)
  A vampire (D)
  3 orc warriors (D)
  An orc priest (D)
  An orc (D)
19 creatures vanquished.

Grand Total: 97 creatures vanquished

Notes
Turn   | Place    | Note
-------+----------+-------------------------------------------
     0 | D        | HollowOne the Troll Berserker began the quest for the Orb.
     0 | D        | Reached XP level 1. HP: 22/22 MP: 0/0
     7 | D        | Reached skill level 3 in Maces & Flails
     9 | D        | Reached ** piety under Trog
    13 | D        | Reached skill level 4 in Maces & Flails
    32 | D        | Noticed a howler monkey
    38 | D        | Reached skill level 5 in Maces & Flails
    38 | D        | Reached XP level 2. HP: 29/29 MP: 1/1
    40 | D        | Reached *** piety under Trog
    50 | D        | Killed a howler monkey
    50 | D        | Reached skill level 7 in Maces & Flails
    50 | D        | Reached XP level 3. HP: 31/36 MP: 2/2
   138 | D        | Found a roughly hewn altar of Beogh.
   138 | D        | Found a snail-covered altar of Cheibriados.
   138 | D        | Found a shadowy altar of Dithmenos.
   138 | D        | Found a white marble altar of Elyvilon.
   138 | D        | Found a blossoming altar of Fedhas.
   138 | D        | Found an opulent altar of Gozag.
   139 | D        | Found a hazy altar of Hepliaklqana.
   140 | D        | Found a viscous altar of Jiyva.
   141 | D        | Found an ancient bone altar of Kikubaaqudgha.
   142 | D        | Found a corrupted altar of Lugonu.
   143 | D        | Found a burning altar of Makhleb.
   144 | D        | Found a sparkling altar of Nemelex Xobeh.
   145 | D        | Found an iron altar of Okawaru.
   146 | D        | Found a stormy altar of Qazlal.
   147 | D        | Found a sacrificial altar of Ru.
   148 | D        | Found a deep blue altar of Sif Muna.
   149 | D        | Found a bloodstained altar of Trog.
   150 | D        | Found a hide-covered altar of Uskayaw.
   151 | D        | Found a radiant altar of Vehumet.
   152 | D        | Found an ornate altar of the Wu Jian Council.
   153 | D        | Found a shimmering altar of Xom.
   154 | D        | Found a basalt altar of Yredelemnul.
   155 | D        | Found a glowing silver altar of Zin.
   156 | D        | Found a glowing golden altar of the Shining One.
   193 | D        | Noticed a phantom
   193 | D        | Noticed a two-headed ogre
   193 | D        | Noticed a bullfrog
   193 | D        | Noticed a sky beast
   193 | D        | Noticed a wraith
   198 | D        | Killed a two-headed ogre
   198 | D        | Reached **** piety under Trog
   198 | D        | Reached skill level 5 in Fighting
   198 | D        | Reached skill level 11 in Maces & Flails
   198 | D        | Reached skill level 5 in Dodging
   198 | D        | Reached XP level 4. HP: 49/50 MP: 3/3
   198 | D        | Reached XP level 5. HP: 56/57 MP: 4/4
   198 | D        | Reached XP level 6. HP: 65/66 MP: 5/5
   198 | D        | Reached XP level 7. HP: 71/72 MP: 6/6
   206 | D        | Reached skill level 12 in Maces & Flails
   227 | D        | Killed a wraith
   240 | D        | Reached ***** piety under Trog
   240 | D        | Reached skill level 5 in Armour
   240 | D        | Reached XP level 8. HP: 33/83 MP: 7/7
   316 | D        | Received a gift from Trog
   318 | D        | Reached skill level 13 in Maces & Flails
   479 | D        | Noticed a hippogriff
   488 | D        | Noticed a rime drake
   497 | D        | Killed a hippogriff
   499 | D        | Received a gift from Trog
   503 | D        | Reached skill level 14 in Maces & Flails
   507 | D        | Reached XP level 9. HP: 87/92 MP: 8/8
   518 | D        | Killed a rime drake
   716 | D        | Noticed a komodo dragon
   721 | D        | Killed a komodo dragon
   721 | D        | Reached skill level 15 in Maces & Flails
   741 | D        | Noticed a black mamba
   743 | D        | Noticed a black mamba
   747 | D        | Received a gift from Trog
   752 | D        | Reached ****** piety under Trog
   754 | D        | Killed a black mamba
   759 | D        | Killed a black mamba
   759 | D        | Reached skill level 16 in Maces & Flails
   964 | D        | Reached XP level 10. HP: 102/102 MP: 9/9
   973 | D        | Received a gift from Trog
  1161 | D        | Noticed Erolcha
  1170 | D        | Killed Erolcha
  1170 | D        | Received a gift from Trog
  1170 | D        | Reached skill level 17 in Maces & Flails
  1237 | D        | Noticed Harold
  1250 | D        | Killed Harold
  1402 | D        | Received a gift from Trog
  1428 | D        | Received a gift from Trog
  1460 | D        | Got a transparent giant spiked club {god gift}
  1461 | D        | Identified the +6 giant spiked club "Finle" {drain, Stlth+} (Trog gifted it to you in the Dungeon)
  1574 | D        | Noticed an orc high priest
  1574 | D        | Noticed an orc sorcerer
  1574 | D        | Noticed an orc knight
  1574 | D        | Noticed an orc sorcerer
  1581 | D        | Killed an orc high priest
  1581 | D        | Reached skill level 18 in Maces & Flails
  1589 | D        | Killed an orc sorcerer
  1596 | D        | Killed an orc knight
  1596 | D        | Reached XP level 11. HP: 52/113 MP: 10/10
  1601 | D        | Noticed an orc knight
  1602 | D        | Killed an orc sorcerer
  1603 | D        | Received a gift from Trog
  1609 | D        | Killed an orc knight
  1807 | D        | Found Giniutiz's Distillery.
  1807 | D        | Noticed an orc knight
  1807 | D        | Noticed an orc high priest
  1807 | D        | Noticed an orc high priest
  1807 | D        | Noticed an orc knight
  1807 | D        | Noticed an orc knight
  1809 | D        | Noticed an orc high priest
  1810 | D        | Killed an orc knight
  1817 | D        | Killed an orc high priest
  1817 | D        | Reached skill level 19 in Maces & Flails
  1818 | D        | Found Teoffom's Jewellery Shoppe.
  1819 | D        | Noticed a soul eater
  1820 | D        | Killed an orc high priest
  1820 | D        | Received a gift from Trog
  1821 | D        | Killed an orc knight
  1822 | D        | Noticed an orc high priest
  1823 | D        | Killed an orc knight
  1824 | D        | Found Tilaihau's Weapon Emporium.
  1824 | D        | Noticed an orc knight
  1829 | D        | Killed an orc high priest
  1831 | D        | Killed an orc high priest
  1831 | D        | Received a gift from Trog
  1833 | D        | Killed an orc knight
  1835 | D        | Noticed an orc knight
  1837 | D        | Killed an orc knight
  1838 | D        | Noticed an orc knight
  1844 | D        | Killed an orc knight
  1844 | D        | Reached skill level 20 in Maces & Flails
  1878 | D        | Noticed an orc high priest
  1883 | D        | Killed an orc high priest
  1885 | D        | Noticed an orc knight
  1887 | D        | Killed an orc knight
  1943 | D        | Noticed an orc knight
  1947 | D        | Found Cywihiud's General Store.
  1950 | D        | Killed an orc knight
  1950 | D        | Received a gift from Trog
  2045 | D        | Bought a potion of heal wounds for 65 gold pieces
  2045 | D        | Bought a potion of haste for 130 gold pieces
  2045 | D        | Bought a potion of curing for 39 gold pieces
  2103 | D        | Noticed Erica
  2118 | D        | Killed Erica
  2397 | D        | Noticed a death knight
  2397 | D        | Noticed a six-headed hydra
  2397 | D        | Noticed an ogre mage
  2397 | D        | Noticed a skeletal warrior
  2397 | D        | Noticed a two-headed ogre
  2403 | D        | Killed a death knight
  2407 | D        | Killed a six-headed hydra
  2409 | D        | Noticed a rakshasa
  2411 | D        | Killed an ogre mage
  2411 | D        | Received a gift from Trog
  2411 | D        | Reached skill level 10 in Fighting
  2411 | D        | Reached XP level 12. HP: 102/126 MP: 11/11
  2413 | D        | Reached skill level 21 in Maces & Flails
  2414 | D        | Noticed a stone giant
  2420 | D        | Killed a two-headed ogre
  2423 | D        | Killed a rakshasa
  2426 | D        | Noticed a frost giant
  2426 | D        | Hit by a large rock thrown by a stone giant

Vault maps used:
D:        linesprint

Skill      XL: |  1  2  3  4  5  6  7  8  9 10 11 12 |
---------------+-------------------------------------+-----
Maces & Flails | 5 7 11 12 14 16 18 20 21 | 21.2
Fighting       | 5 6 7 8 10 | 10.3
Armour         | 4 5 6 7 9 |  9.6
Dodging        | 5 6 7 8 9 |  9.2

Action                   |  1- 3 |  4- 6 |  7- 9 | 10-12 || total
-------------------------+-------+-------+-------+-------++-------
Melee: Mace              |    29 |       |       |       ||    29
       Dire flail        |     3 |       |    51 |    40 ||    94
       Morningstar       |       |       |    37 |       ||    37
       Great mace        |       |       |    30 |    20 ||    50
       Giant spiked club |       |       |       |    55 ||    55
Invok: Berserk           |     2 |       |     4 |     5 ||    11
       Trog's Hand       |       |       |     2 |     2 ||     4
       Brothers in Arms  |       |       |       |     7 ||     7
  Eat: Chunk             |     5 |       |    15 |     8 ||    28
       Bread ration      |       |       |       |     1 ||     1
Armor: Animal skin       |    10 |       |    15 |    10 ||    35
       Ice dragon scales |       |       |       |     5 ||     5
       Robe              |       |       |       |     2 ||     2
Dodge: Dodged            |    12 |       |    37 |    38 ||    87
